AoeStats
← bastygg

Arabia

504891940Analyzed
2v2 RM · 26d ago on Sep 7, 2026· 48m 20s· 4 players
Game mode
Random Map
Map size
Medium (4 player)
Population
200
Speed
Normal
Resources
Standard
Victory
Conquest
Starting age
Dark Age
Ending age
Imperial Age
RankedLock teamsTeams togetherTeam positionsShared explorationLock speedFull tech treeHidden civsTurbo modeCheats
Victory
Defeat
🇺🇸 Franks · United States
1024
+17
🇺🇸 Mapuche · United States
1023
+17
🇨🇱 Japanese · Chile
1064
-22
🇨🇱 Britons · Chile
1010
-16
RAM HIS ASS
6:47 Loom
6:52 Loom
9:38 Feudal Age
11:44 Double-Bit Axe
17:41 Fletching
20:50 Castle Age
19:15 Scale Barding Armor
21:59 Chain Barding Armor
21:41 Husbandry
23:03 Forging
23:46 Bow Saw
25:13 Iron Casting
24:35 Gold Mining
26:42 Gold Shaft Mining
29:07 Wheelbarrow
30:01 Gambesons
30:35 Stone Mining
32:32 Hand Cart
41:53 Imperial Age
41:11 Scale Mail Armor
41:02 Town Watch
41:57 Cavalier
43:14 Plate Barding Armor
43:40 Blast Furnace
44:28 Chemistry
43:53 Ballistics
44:17 Paladin
47:28 Town Patrol
Doorbell
7:53 Loom
11:02 Feudal Age
15:26 Castle Age
14:22 Double-Bit Axe
15:54 Fletching
16:35 Bodkin Arrow
18:01 Bow Saw
23:15 Horse Collar
25:36 Heavy Plow
28:57 Gold Mining
29:03 Stone Mining
32:28 Forging
35:22 Wheelbarrow
35:22 Malon
37:37 Gold Shaft Mining
38:37 Stone Shaft Mining
45:35 Imperial Age
46:41 Iron Casting
47:03 Conscription
47:34 Crop Rotation
46:40 Elite Kona
47:28 Butalmapu
48:21 Hand Cart
nachingg
9:50 Feudal Age
18:12 Horse Collar
20:40 Castle Age
22:39 Pikeman
23:19 Squires
23:05 Gambesons
23:05 Arson
27:21 Double-Bit Axe
30:12 Horse Collar
33:24 Bow Saw
33:19 Heavy Plow
34:45 Wheelbarrow
33:56 Town Watch
35:37 Forging
35:28 Scale Mail Armor
38:51 Imperial Age
37:50 Fletching
38:36 Iron Casting
38:16 Chain Mail Armor
38:02 Padded Archer Armor
43:05 Halberdier
44:54 Gold Mining
bastygg
11:03 Feudal Age
13:01 Wheelbarrow
12:18 Double-Bit Axe
15:40 Horse Collar
23:55 Castle Age
28:52 Fletching
32:32 Ballistics
50:19 Imperial Age
Connection lost

Rejoining the realm…

Still unreachable

The connection could not be restored.

Session expired

The server has moved on; the page needs a fresh start.